 Dungeon Crawl Stone Soup version 0.29.0-11-gd7f09526c8 (webtiles) character file.

Game seed: 10093500897031627465

13066 Persephone the Bludgeoner (level 11, -11/104 HPs)
             Began as a Minotaur Berserker on Sept 3, 2022.
             Was an Elder of Trog.
             Mangled by a death knight
             ... wielding a +2 glaive of venom
              (25 damage)
             ... on level 11 of the Dungeon.
             The game lasted 00:28:53 (10927 turns).

Persephone the Bludgeoner (Minotaur Berserker)     Turns: 10927, Time: 00:28:53

Health: -11/104    AC: 18    Str: 25    XL:     11   Next: 70%
Magic:  10/10      EV:  9    Int:  7    God:    Trog [****..]
Gold:   722        SH:  0    Dex: 17    Spells: 10/10 levels left

rFire   . . .      SeeInvis .   h - +0 dire flail (drain)
rCold   . . .      Faith    .   (shield currently unavailable)
rNeg    + . .      Spirit   .   A - +0 plate armour
rPois   +          Reflect  .   (helmet restricted)
rElec   .          Harm     .   p - +0 cloak
rCorr   +          Rampage  .   (no gloves)
Will    .....                   y - +0 pair of boots
Stlth   ..........              (no amulet)
HPRegen 0.27/turn               e - ring of resist corrosion
MPRegen 0.12/turn               b - ring "Uleof" {rPois rN+ Int+3 Dex+6 Slay-2}

@: no status effects
A: horns 2, retaliatory headbutt
a: Renounce Religion, Berserk, Trog's Hand, Brothers in Arms


You were on level 11 of the Dungeon.
You worshipped Trog.
Trog was greatly pleased with you.
You visited 1 branch of the dungeon, and saw 11 of its levels.

You collected 723 gold pieces.
You spent 1 gold pieces at shops.

Inventory:

Hand Weapons
 h - a +0 dire flail of draining (weapon)
 n - a +0 morningstar
Armour
 p - a +0 cloak (worn)
 y - a +0 pair of boots (worn)
 A - a +0 plate armour (worn)
Jewellery
 a - a ring of magical power
 b - the ring "Uleof" (right hand) {rPois rN+ Int+3 Dex+6 Slay-2}
   (You found it on level 6 of the Dungeon)

   [ring of dexterity]

   Int:       It affects your intelligence (+3).
   Dex:       It affects your dexterity (+6).
   Slay:      It affects your accuracy & damage with ranged weapons and melee
   (-2).
   rPois:     It protects you from poison.
   rN:        It protects you from negative energy.
 e - a ring of resist corrosion (left hand)
Wands
 l - a wand of mindburst (37)
 s - a wand of flame (39)
 w - a wand of iceblast (12)
 B - a wand of paralysis (20)
Scrolls
 d - 10 scrolls of identify
 f - a scroll of summoning
 g - a scroll of butterflies
 i - a scroll of immolation
 k - 7 scrolls of enchant weapon
 o - 5 scrolls of teleportation
 r - a scroll of vulnerability
 v - a scroll of fear
 C - a scroll of enchant armour
Potions
 c - 2 potions of curing
 j - a potion of degeneration
 m - 3 potions of heal wounds
 q - a potion of ambrosia
 t - 2 potions of attraction
 u - 2 potions of haste
 x - 3 potions of mutation
 z - a potion of cancellation {unknown}
 D - a potion of magic {unknown}
 E - a potion of flight {unknown}


   Skills:
 + Level 11.7 Fighting
 - Level 16.0 Maces & Flails
 + Level 11.4 Armour
 - Level 4.0 Dodging


You had 10 spell levels left.
You didn't know any spells.
Your spell library was empty.

Dungeon Overview and Level Annotations

Branches:
Dungeon (11/15)            Temple (0/1) D:7            Lair (0/5) D:8
    Orc (0/2) D:10

Altars:
Ashenzari
Dithmenos
Fedhas
Gozag
Kikubaaqudgha
Sif Muna
Vehumet

Shops:
D:3 *   D:5 *?*=!


Innate Abilities, Weirdness & Mutations

You have a pair of horns on your head.
You reflexively headbutt those who attack you in melee.


Message History

The purple ugly thing is heavily wounded.
The death knight hits you from afar with a +2 glaive of venom!
You hit the purple ugly thing. You drain the purple ugly thing.
The purple ugly thing is heavily wounded.
The purple ugly thing pecks you!
You're too confused to move!
The death knight offers itself to Yredelemnul, and fills with unholy energy.
The purple ugly thing pecks you but does no damage.
Okay, then.
The death knight invokes the aid of Yredelemnul against you.
Your body is wracked with pain!
The purple ugly thing pecks you!
Unknown command.
You are too confused!
You bump into the stone wall.
The death knight hits you from afar with a +2 glaive of venom!
* * * LOW HITPOINT WARNING * * *
The purple ugly thing barely misses you.
You bump into the stone wall.
The death knight closely misses you. The purple ugly thing misses you.
You barely miss the purple ugly thing.
Your headbutt misses the purple ugly thing.
The purple ugly thing is heavily wounded.
The death knight hits you but does no damage.
You are poisoned.
You impale the purple ugly thing!! You drain the purple ugly thing!
You kill the purple ugly thing!
Trog accepts your kill.
You feel sick.
The death knight hits you from afar with a +2 glaive of venom!
* * * LOW HITPOINT WARNING * * *
You feel better.
The death knight calls down the wrath of Yredelemnul upon you.
Your body is wracked with pain!
* * * LOW HITPOINT WARNING * * *
As you read the scroll of fear, it crumbles to dust.
You assume a fearsome visage.
The cyclops looks frightened!
The death knight resists with almost no effort.
The death knight's dark mirror aura disappears.
The death knight hits you from afar with a +2 glaive of venom!!
You die...

#....# #.# ####.#####.#
#?##[##.##.# ##
#....)...†.# ..
#.##.##.##[#######
####.#####.)..(..#
#...##########.# #
####.##.########'#
#!##.##@##.##.##........
#...Cp.†......##........
#.##.##.##.##.##........
# ####.#####........
#...(# #........ ######
#........ #....<...
#...#####'# #.## #.#


You could see a death knight and a cyclops (fleeing).

Vanquished Creatures
  A hydra (D:11)
  A boulder beetle (D:7)
  The ghost of Monkooky the Geomancer, a journeyman FoCA of Ignis (D:10)
  3 two-headed ogres
  A centaur warrior (D:11)
  An ugly thing (D:11)
  A cyclops (D:11)
  Maggie (D:6)
  A kobold demonologist (D:11)
  The ghost of styxcanada the Covert, a novice SpBr of Gozag (D:6)
  A troll (D:10)
  A meliai (D:11)
  2 hornets (D:11)
  Sigmund (D:3)
  A shadow (D:11)
  A wraith (D:10)
  2 wyverns
  A golden eye (shapeshifter) (D:11)
  4 yaks (D:10)
  A steam dragon (D:8)
  Edmund (D:5)
  2 water moccasins
  2 orc warriors
  2 sky beasts
  2 black bears (D:6)
  2 ogres (D:6)
  11 centaurs
  A kobold brigand (D:11)
  Blork the orc (D:4)
  3 necrophages
  3 bullfrogs
  A gnoll sergeant (D:5)
  3 scorpions
  13 wights
  7 killer bees
  A howler monkey (D:7)
  4 quasits (D:6)
  2 gnoll boudas
  2 jellies (D:6)
  5 orc priests
  4 hounds
  Crazy Yiuf (D:5)
  Terence (D:2)
  3 iguanas
  14 orc wizards
  16 gnolls
  8 adders
  A white imp (D:6)
  A worm (D:5)
  3 dart slugs
  38 orcs
  9 ball pythons
  7 bats
  9 endoplasms
  4 giant cockroaches
  6 goblins
  10 hobgoblins
  6 jackals
  9 kobolds
  5 quokkas
  2 frilled lizards
  3 rats
  A bush (D:6)
256 creatures vanquished.

Vanquished Creatures (others)
  An orc wizard (D:9)
1 creature vanquished.

Grand Total: 257 creatures vanquished

Notes
Turn   | Place    | Note
-------+----------+-------------------------------------------
     0 | D:1      | Persephone the Minotaur Berserker began the quest for the
                  | Orb.
     0 | D:1      | Reached XP level 1. HP: 19/19 MP: 0/0
   276 | D:1      | Reached XP level 2. HP: 27/27 MP: 1/1
   691 | D:1      | Reached skill level 4 in Maces & Flails
   827 | D:1      | Reached ** piety under Trog
  1076 | D:1      | Reached XP level 3. HP: 33/33 MP: 2/2
  1259 | D:2      | Found a faded altar of an unknown god.
  1320 | D:2      | You fall into a shaft and drop 1 floor!
  1328 | D:3      | Noticed Sigmund
  1337 | D:3      | Killed Sigmund
  1338 | D:3      | Reached XP level 4. HP: 35/41 MP: 3/3
  1338 | D:3      | Reached XP level 5. HP: 40/47 MP: 4/4
  1340 | D:3      | Reached skill level 5 in Fighting
  1467 | D:2      | Found a blossoming altar of Fedhas.
  1472 | D:2      | Reached skill level 5 in Maces & Flails
  1595 | D:2      | Noticed Terence
  1608 | D:2      | Killed Terence
  1609 | D:2      | Reached XP level 6. HP: 56/56 MP: 5/5
  1808 | D:3      | Found Uxzeam's Assorted Antiques.
  2630 | D:4      | Reached *** piety under Trog
  2795 | D:4      | Reached skill level 6 in Maces & Flails
  2945 | D:4      | Noticed Blork the orc
  2954 | D:4      | Killed Blork the orc
  3137 | D:4      | Reached skill level 7 in Maces & Flails
  3137 | D:4      | Reached XP level 7. HP: 61/61 MP: 6/6
  3254 | D:4      | Found an ancient bone altar of Kikubaaqudgha.
  3260 | D:4      | Found a shimmering blue altar of Sif Muna.
  3262 | D:4      | Found a radiant altar of Vehumet.
  3438 | D:5      | Entered Level 5 of the Dungeon
  3438 | D:5      | Found Sukaud's Magic Scroll Emporium.
  3559 | D:5      | Found Tosealob's Assorted Antiques.
  3652 | D:5      | Found Beleitai's Jewellery Shop.
  3668 | D:5      | Found Xihexadu's Distillery.
  3682 | D:5      | Reached skill level 8 in Maces & Flails
  4117 | D:5      | Reached skill level 9 in Maces & Flails
  4203 | D:5      | Noticed Edmund
  4223 | D:5      | Killed Edmund
  4224 | D:5      | Reached XP level 8. HP: 51/65 MP: 7/7
  4303 | D:5      | Reached skill level 10 in Maces & Flails
  4498 | D:5      | Reached skill level 11 in Maces & Flails
  4540 | D:5      | Found a runed translucent door.
  4541 | D:5      | Noticed Crazy Yiuf
  4609 | D:5      | Killed Crazy Yiuf
  4778 | D:5      | Found Urekk's Lightly-Used Armoury.
  4786 | D:5      | Bought a -3 demon whip for 1 gold piece
  5086 | D:6      | Reached skill level 12 in Maces & Flails
  5118 | D:6      | Reached XP level 9. HP: 70/74 MP: 8/8
  5142 | D:6      | Found an opulent altar of Gozag.
  5152 | D:6      | Reached skill level 13 in Maces & Flails
  5556 | D:6      | Noticed Maggie
  5568 | D:6      | Killed Maggie
  5805 | D:6      | Found a transporter.
  5823 | D:6      | Reached skill level 14 in Maces & Flails
  5887 | D:6      | Found a blossoming altar of Fedhas.
  6067 | D:6      | Noticed styxcanada's ghost (novice SpBr)
  6085 | D:6      | Found a transporter.
  6101 | D:6      | Reached skill level 5 in Armour
  6119 | D:6      | Killed styxcanada's ghost
  6126 | D:6      | Identified the ring "Uleof" {rPois rN+ Int+3 Dex+6 Slay-2}
  6467 | D:7      | Found a shadowy altar of Dithmenos.
  6515 | D:7      | Noticed a boulder beetle
  6527 | D:7      | Killed a boulder beetle
  6583 | D:7      | Reached XP level 10. HP: 85/88 MP: 9/9
  6779 | D:7      | Found a broken altar of Ashenzari.
  6942 | D:7      | Found a staircase to the Ecumenical Temple.
  7526 | D:8      | Found a staircase to the Lair.
  8057 | D:9      | Noticed a two-headed ogre
  8066 | D:9      | Killed a two-headed ogre
  8517 | D:9      | Noticed a two-headed ogre
  8526 | D:9      | Killed a two-headed ogre
  8612 | D:9      | Reached **** piety under Trog
  8617 | D:9      | Reached skill level 15 in Maces & Flails
  8991 | D:10     | Entered Level 10 of the Dungeon
  9039 | D:10     | Identified the +1 rapier "Jusilag" {speed, rElec Dex+2}
  9044 | D:10     | Found a runed translucent door.
  9051 | D:10     | Noticed Monkooky's ghost (journeyman FoCA)
  9136 | D:10     | Reached skill level 10 in Fighting
  9250 | D:10     | Found a staircase to the Orcish Mines.
  9385 | D:10     | Reached XP level 11. HP: 97/99 MP: 10/10
  9680 | D:11     | Reached skill level 10 in Armour
 10083 | D:11     | Noticed a two-headed ogre
 10099 | D:11     | Killed a two-headed ogre
 10216 | D:11     | Noticed a centaur warrior
 10216 | D:11     | Noticed a five-headed hydra
 10707 | D:10     | Killed Monkooky's ghost
 10799 | D:11     | Killed a centaur warrior
 10866 | D:11     | Killed a five-headed hydra
 10867 | D:11     | Reached skill level 16 in Maces & Flails
 10906 | D:11     | Noticed a purple ugly thing
 10907 | D:11     | Noticed a death knight
 10925 | D:11     | Killed a purple ugly thing
 10927 | D:11     | Mangled by a death knight

Illustrated notes

Levels and vault maps discovered:
D:1:      tarquinn_simple_flora_water_f, layout_basic, hex_intersection
D:2:      layout_rooms, basic_altar, nicolae_ecumenical_pavilion, st_stairs_14,
          uniq_terence
D:3:      layout_basic, serial_shops, shop_statue, uniq_sigmund
D:4:      layout_cave_pods, grunt_temple_overflow_magic_moments,
          uniq_blork_the_orc
D:5:      layout_cave_pods, serial_shops, shop, nicolae_shop_window_shopping,
          shop, nicolae_shop_crystal, minmay_shop_damaged,
          kennysheep_generic_room_10, uniq_edmund, uniq_crazy_yiuf_cottage
D:6:      layout_basic, fedhas_bush_and_centaur_altar, grunt_gozag_statues,
          gammafunk_ghost_stat_death, uniq_maggie
D:7:      layout_basic, mainiacjoe_overflow_24_doors, grunt_dithmenos_smoke,
          minmay_temple_entry_gardened_gates
D:8:      layout_loops_ring, lair_entry_dummy
D:9:      layout_basic, chequers_serial_rivers_large_a
D:10:     layout_cave_pools, david_orc_3, hellmonk_ghost_happy_afterlife
D:11:     hangedman_cross_veins, layout_basic

Skill      XL: |  1  2  3  4  5  6  7  8  9 10 11 |
---------------+----------------------------------+-----
Fighting       | 4 5 7 10 11 | 11.7
Maces & Flails | 4 5 7 9 12 14 15 16 | 16.0
Armour         | 3 4 7 9 11 | 11.4
Dodging        | 3 4 |  4.0

Action                   |  1- 3 |  4- 6 |  7- 9 | 10-12 || total
-------------------------+-------+-------+-------+-------++-------
Melee: Mace              |    77 |   103 |       |       ||   180
       Headbutt          |     7 |    16 |    32 |    65 ||   120
       Flail             |       |    17 |    79 |       ||    96
       Punch             |       |     2 |     1 |       ||     3
       Dire flail        |       |       |   154 |   300 ||   454
Invok: Trog's Hand       |     1 |     4 |    10 |     7 ||    22
       Berserk           |     1 |     4 |     8 |     5 ||    18
  Use: Scroll            |       |       |    14 |     6 ||    20
       Potion            |       |       |     2 |     1 ||     3
Armor: Animal skin       |     6 |       |       |       ||     6
       Ring mail         |    26 |    10 |       |       ||    36
       Chain mail        |       |    36 |    95 |       ||   131
       Plate armour      |       |       |    38 |   139 ||   177
Dodge: Dodged            |    44 |    71 |   111 |   116 ||   342
